 Dungeon Crawl Stone Soup version 0.28.0 (webtiles) character file.

Game seed: 9446699752466806258

3913 Armakuni the Destroyer (level 9, 0/62 HPs)
             Began as a Demigod Conjurer on Feb 13, 2022.
             Slain by a red ugly thing (7 damage)
             ... on level 7 of the Dungeon.
             The game lasted 00:21:33 (9374 turns).

Armakuni the Destroyer (Demigod Conjurer)           Turns: 9374, Time: 00:21:33

Health: 0/62       AC:  9    Str: 20    XL:     9   Next: 69%
Magic:  2/20       EV: 12    Int: 20    God:
Gold:   207        SH:  0    Dex: 12    Spells: 9/18 levels left

rFire   . . .      SeeInvis +   a - +4 flail (drain)
rCold   . . .      Faith    .   (no shield)
rNeg    . . .      Spirit   .   g - +0 ring mail
rPois   +          Reflect  .   m - +0 helmet
rElec   .          Harm     .   l - +1 cloak
rCorr   .          Rampage  .   (no gloves)
Will    .....                   (no boots)
Stlth   +.........              (no amulet)
HPRegen 0.20/turn               I - ring of see invisible
MPRegen 0.17/turn               P - ring of poison resistance

@: invisible
A: high MP 1, forlorn, divine attributes
a: no special abilities


You were on level 7 of the Dungeon.
You visited 1 branch of the dungeon, and saw 7 of its levels.
You also visited: Sewer.

You collected 207 gold pieces.

Inventory:

Hand Weapons
 a - a +4 flail of draining (weapon)
 b - a +5 quarterstaff of chaos
 c - a +0 long sword of electrocution
Armour
 g - a +0 ring mail (worn)
 h - a +0 scale mail
 l - a +1 cloak (worn)
 m - a +0 helmet (worn)
Jewellery
 G - an amulet of guardian spirit
 I - a ring of see invisible (left hand)
 P - a ring of poison resistance (right hand)
Wands
 v - a wand of flame (10)
Scrolls
 n - a scroll of enchant armour
 q - 2 scrolls of teleportation
Potions
 d - a potion of attraction
 e - 8 potions of mutation
 f - 3 potions of invisibility
 i - a potion of haste
 k - a potion of resistance {unknown}


   Skills:
 + Level 0.0 Fighting
 - Level 5.0 Armour
 - Level 4.0 Dodging
 - Level 1.7 Stealth
 - Level 5.3 Spellcasting
 - Level 10.9 Conjurations


You had 9 spell levels left.
You knew the following spells:

 Your Spells              Type           Power      Damage    Failure   Level
c - Mephitic Cloud        Conj/Pois/Air  19%        N/A       12%         3
m - Iskenderun's Mystic   Conj/Tloc      27%        2d7       19%         4
z - Searing Ray           Conj           96%        2d7       1%          2

Your spell library contained the following spells:

 Spells                   Type           Power      Damage    Failure   Level
 Magic Dart               Conj           100%       1d8       1%          1
 Dazzling Flash           Conj/Hex       54%        N/A       6%          3
 Animate Skeleton         Necr           10%        N/A       19%         1
 Pain                     Necr           20%        1d5       19%         1
 Fulminant Prism          Conj/Hex       13%        3d9       19%         4
 Call Imp                 Summ           5%         N/A       28%         2
 Vampiric Draining        Necr           5%         2d6       50%         3


Dungeon Overview and Level Annotations

Branches:
Dungeon (7/15)             Temple (0/1) D:6           Sewer (visited)

Shops:
D:1 ?   D:6 =

Annotations:
D:6 2 runed translucent doors, manifold's ghost, novice GrFi


Innate Abilities, Weirdness & Mutations

You have an increased reservoir of magic. (+10% MP)
You shall have no god before yourself.
Your divine heritage dramatically boosts your attributes as you level up.


Message History

You erupt in a blast of force!
The mystic blast hits the red ugly thing!
The red ugly thing is heavily wounded.
The red ugly thing is knocked back by the mystic blast.
Aiming: Searing Ray (safe; 1% risk of failure)
Press: ? - help, Q - select action, (/) - cycle Shift-Dir - straight line, f - red ugly thing
Aim: a red ugly thing (heavily wounded, 83% to hit)
The searing ray hits the red ugly thing.
The red ugly thing is severely wounded. (Press . to maintain the ray.)
The searing ray misses the red ugly thing.
The searing ray hits the red ugly thing but does no damage.
The red ugly thing is heavily wounded.
The red ugly thing bites you.
You are engulfed in flames!
Casting: Searing Ray (safe; 1% risk of failure)
Confirm with . or Enter, or press ? or * to list all spells.
You erupt in a blast of force!
The mystic blast hits the red ugly thing.
The red ugly thing is severely wounded.
The red ugly thing is knocked back by the mystic blast.
Okay, then.
You fade into invisibility!
The red ugly thing bites you but does no damage.
Okay, then.
You hit the red ugly thing.
The red ugly thing is severely wounded.
The red ugly thing barely misses you.
You barely miss the red ugly thing.
The red ugly thing is severely wounded.
The red ugly thing closely misses you.
You hit the red ugly thing.
The red ugly thing is severely wounded.
The red ugly thing bites you.
You are engulfed in flames!!
* * * LOW HITPOINT WARNING * * *
The red ugly thing bites you but does no damage.
You catch the helpless red ugly thing completely off-guard!
You hit the red ugly thing.
The red ugly thing is severely wounded.
The red ugly thing bites you!
You die...

......... ..≈≈≈..P..#
##))..... #####....
P≈≈⌠≈≈....# #........
....
♣.≈≈≈.P...####........
♣.≈.♣♣....##....<....
.P♣♣♣P.♣♣....##.........
.P.P..P.................
.........)..###.........
............# ###.......
....###@##### ###..... .
#u# #####. #.# # #..
#.###..## #####..
#..##...##
........##..#.....#
.........#..#......
.P.P...P.....#.......
.....................#


You could see a red ugly thing.

Vanquished Creatures
  Grinder (Sewer)
  Prince Ribbit (D:5)
  5 yaks (D:6)
  A wyvern (D:5)
  A steam dragon (D:7)
  An orc warrior (D:7)
  3 sky beasts
  An ice beast (D:7)
  A black bear (D:6)
  A necrophage (D:4)
  An ogre (D:4)
  3 centaurs
  A phantom (D:5)
  A kobold brigand (Sewer)
  2 bullfrogs (D:6)
  3 scorpions (D:6)
  A water moccasin zombie (D:6)
  A howler monkey (D:3)
  3 wights
  A bullfrog zombie (D:6)
  2 quasits (Sewer)
  3 hounds
  A bullfrog skeleton (D:5)
  Crazy Yiuf (D:2)
  2 centaur skeletons
  A gnoll shaman (D:4)
  Terence (D:2)
  2 iguanas
  4 orc wizards (D:6)
  3 hound skeletons
  A mummy (D:6)
  A howler monkey zombie (D:5)
  Robin (D:4)
  9 adders
  8 gnolls
  A river rat (D:4)
  2 shadow imps (Sewer)
  4 ufetubi
  3 dart slugs
  9 orcs
  4 ball pythons
  7 endoplasms
  3 giant cockroaches
  12 goblins
  3 hobgoblins (D:4)
  2 jackals (D:3)
  2 quokkas (D:3)
  5 bats
  5 frilled lizards
  3 hobgoblin zombies (D:6)
  30 kobolds
  2 kobold zombies
  6 rats
176 creatures vanquished.

Vanquished Creatures (others)
  An adder zombie (Sewer)
  A kobold zombie (Sewer)
  2 bushes (D:7)
4 creatures vanquished.

Grand Total: 180 creatures vanquished

Notes
Turn   | Place    | Note
-------+----------+-------------------------------------------
     0 | D:1      | Armakuni the Demigod Conjurer began the quest for the Orb.
     0 | D:1      | Reached XP level 1. HP: 14/14 MP: 5/5
   272 | D:1      | Reached skill level 4 in Conjurations
   305 | D:1      | Reached XP level 2. HP: 20/20 MP: 5/7
   336 | D:1      | Learned a level 2 spell: Searing Ray
   802 | D:1      | Found Pyuxa's Magic Scroll Shop.
  1066 | D:1      | Reached XP level 3. HP: 26/26 MP: 4/8
  1249 | D:2      | Noticed Terence
  1292 | D:2      | Killed Terence
  1293 | D:2      | Reached skill level 5 in Conjurations
  1604 | D:2      | Reached XP level 4. HP: 33/33 MP: 1/9
  2118 | D:2      | Found a runed translucent door.
  2119 | D:2      | Noticed Crazy Yiuf
  2127 | D:2      | Killed Crazy Yiuf
  2804 | D:3      | Reached skill level 6 in Conjurations
  2804 | D:3      | Reached XP level 5. HP: 34/37 MP: 4/10
  3109 | D:3      | You fall into a shaft and drop 3 floors!
  3127 | D:6      | Noticed a sky beast
  3134 | D:6      | Killed a sky beast
  3135 | D:6      | Reached XP level 6. HP: 24/45 MP: 5/11
  3285 | D:6      | Learned a level 4 spell: Iskenderun's Mystic Blast
  3322 | D:6      | Reached skill level 7 in Conjurations
  3392 | D:6      | Found a large runed translucent door.
  3392 | D:6      | Found a large runed translucent door.
  3396 | D:6      | Noticed manifold's ghost (novice GrFi)
  3956 | D:7      | Noticed a yak
  3956 | D:7      | Noticed a yak
  3956 | D:7      | Noticed a yak
  3956 | D:7      | Noticed a yak
  3956 | D:7      | Noticed a yak
  4251 | D:6      | Found a staircase to the Ecumenical Temple.
  4350 | D:6      | Found Zaoxisk's Jewellery Boutique.
  4371 | D:5      | Entered Level 5 of the Dungeon
  4467 | D:4      | Reached skill level 8 in Conjurations
  4627 | D:4      | Reached XP level 7. HP: 50/50 MP: 8/12
  4725 | D:4      | Found a glowing drain.
  4737 | Sewer    | Entered a sewer
  5363 | Sewer    | Noticed Grinder
  5371 | Sewer    | Reached skill level 9 in Conjurations
  5381 | Sewer    | Killed Grinder
  5786 | D:4      | Reached XP level 8. HP: 57/57 MP: 7/13
  5790 | D:4      | Reached skill level 10 in Conjurations
  5835 | D:4      | Noticed Robin
  5838 | D:4      | Killed Robin
  6426 | D:5      | Noticed Prince Ribbit
  6431 | D:5      | Killed Prince Ribbit
  6496 | D:5      | Learned a level 3 spell: Mephitic Cloud
  7448 | D:6      | Reached XP level 9. HP: 62/62 MP: 13/19
  7532 | D:6      | Reached skill level 5 in Spellcasting
  7573 | D:6      | Identified the +4 mace "Nowed" {pain, rF+ rC+ Int-4}
  8047 | D:6      | Reached skill level 1 in Armour
  8531 | D:7      | Noticed a red ugly thing
  8707 | D:7      | Reached skill level 5 in Armour
  8744 | D:7      | HP: 2/62 [scorpion (4)]
  9374 | D:7      | Slain by a red ugly thing

Illustrated notes

Levels and vault maps discovered:
D:1:      lightli_arrival_quake, layout_loops_cross, serial_shops, shop,
          minmay_misc_feat_nine_boxes
D:2:      layout_basic, serial_corexii_hall, corexii_hall_statues_i,
          chequers_hall_statues_wall_a, shapermc_ecumenical_altar_starsandcircs,
          uniq_crazy_yiuf_cottage, uniq_terence
D:3:      minmay_spotlight, layout_basic
D:4:      layout_basic, mainiacjoe_overflow_concentric_impassable,
          gup_sewer_entry_bubbles, uniq_robin
D:5:      layout_cave_pools, corner_web_ring, minmay_strange_pillars,
          uniq_prince_ribbit1
D:6:      layout_basic, minmay_temple_entry_gardened_gates,
          ebering_ghost_disaster_area, minmay_shop_enchanted_jewellery,
          minmay_mini_ossuary
D:7:      layout_cave_pods, old_standard_altar, serial_park, serial_park_square3
          [serial_park_minivault_5x5_2], serial_park_tiny_2,
          serial_park_avenue1, serial_park_tiny_2, serial_park_square1
          [serial_park_minivault_5x5_2]

Skill      XL: |  1  2  3  4  5  6  7  8  9 |
---------------+----------------------------+-----
Conjurations   | 4 5 6 8 9 10 | 10.9
Spellcasting   | 4 5 |  5.3
Armour         | 5 |  5.0
Dodging        | 4 |  4.0
Stealth        | |  1.7

Action                   |  1- 3 |  4- 6 |  7- 9 || total
-------------------------+-------+-------+-------++-------
Melee: Spear             |    15 |       |       ||    15
       Quarterstaff      |       |     1 |       ||     1
       Flail             |       |    21 |   104 ||   125
       Punch             |       |     1 |       ||     1
 Cast: Magic Dart        |    12 |       |       ||    12
       Searing Ray       |    22 |    38 |    62 ||   122
       Iskenderun's Myst |       |       |    16 ||    16
Evoke: Wand              |       |       |    11 ||    11
  Use: Potion            |     1 |     4 |     4 ||     9
       Scroll            |       |     4 |     9 ||    13
 Stab: Paralysed         |       |       |     8 ||     8
       Invisible         |       |       |     1 ||     1
Armor: Robe              |     4 |     2 |       ||     6
       Skin              |       |     2 |       ||     2
       Ring mail         |       |    20 |   104 ||   124
Dodge: Dodged            |    19 |    52 |   164 ||   235
